General information
- name: BNet
- type: Ladder team game (AT/RT)
- host: Battle.net
- saver: NewNameBrah
map: MarketSquare
- players: 8
- length: 54:05
- speed: Fast
- version: 1.27 W3XP
- replay type: Public
» download(306 KB)
Players
team 1 (winner)
Rehtori (
purple | 82 APM | 2150 actions | 26:15)
6 Priestess of the Moon
2 Searing Arrows
3 Trueshot Aura
1 Starfall
» actions
| Assign group hotkey | 26 | |
| Basic commands | 51 | |
| Build / train | 119 | |
| Enter build submenu | 32 | |
| Enter hero's abilities submenu | 6 | |
| Remove unit from queue | 5 | |
| Right click | 695 | |
| Select / deselect | 628 | |
| Select group hotkey | 494 | |
| Use ability | 94 | |
2150 total
» units
| Wisp | 29 | |
| Archer | 47 | |
| Hippogryph | 19 | |
95 total
» upgrades
| Strength of the Moon | 2 | |
| Moon Armor | 1 | |
| Hippogryph Taming | 1 | |
| Improved Bows | 1 | |
5 total
» buildings
| Altar of Elders | 1 | |
| Moon Well | 6 | |
| Ancient of War | 1 | |
| Ancient of Wonders | 1 | |
| Hunter's Hall | 1 | |
| Ancient Protector | 10 | |
| Tree of Ages | 2 | |
| Tree of Life | 1 | |
| Ancient of Wind | 2 | |
| Tree of Eternity | 1 | |
26 total
» build order
00:10 Altar of Elders
00:15 Moon Well
00:30 Ancient of War
01:32 Ancient of Wonders
02:09 Moon Well
02:36 Hunter's Hall
03:06 Moon Well
03:45 Ancient Protector
04:55 Ancient Protector
06:02 Moon Well
06:21 Tree of Ages
06:22 Tree of Ages
07:05 Tree of Life
07:21 Ancient Protector
07:45 Ancient Protector
09:05 Ancient of Wind
09:17 Moon Well
09:36 Ancient of Wind
10:31 Moon Well
10:43 Ancient Protector
11:07 Ancient Protector
12:40 Ancient Protector
15:57 Ancient Protector
16:30 Ancient Protector
18:24 Ancient Protector
19:42 Tree of Eternity
» items
| Potion of Healing | 1 | |
| Scroll of Town Portal | 2 | |
3 total
LacabraIsBack (
teal | 47 APM | 1239 actions | 26:10)
3 Blademaster
1 Wind Walk
2 Critical Strike
4 Shadow Hunter
2 Hex
2 Healing Wave
» actions
| Basic commands | 1 | |
| Build / train | 84 | |
| Enter build submenu | 37 | |
| Enter hero's abilities submenu | 7 | |
| Right click | 549 | |
| Select / deselect | 465 | |
| Use ability | 96 | |
1239 total
» units
| Peon | 16 | |
| Wind Rider | 19 | |
| Shaman | 6 | |
| Troll Batrider | 3 | |
| Troll Witch Doctor | 2 | |
46 total
» upgrades
| Spiked Barricades | 2 | |
| Armor | 3 | |
| Ranged Weapons | 3 | |
| Reinforced Defenses | 1 | |
| Envenomed Spears | 1 | |
| Shaman Training | 2 | |
| Witch Doctor Training | 2 | |
14 total
» buildings
| Altar of Storms | 1 | |
| Orc Burrow | 9 | |
| War Mill | 1 | |
| Voodoo Lounge | 2 | |
| Watch Tower | 15 | |
| Stronghold | 1 | |
| Great Hall | 1 | |
| Beastiary | 2 | |
| Fortress | 1 | |
| Spirit Lodge | 1 | |
34 total
» build order
00:12 Altar of Storms
00:20 Orc Burrow
00:56 War Mill
01:11 Voodoo Lounge
01:19 Voodoo Lounge
01:40 Orc Burrow
02:28 Watch Tower
03:13 Watch Tower
03:21 Orc Burrow
04:34 Stronghold
05:46 Watch Tower
05:50 Watch Tower
05:57 Watch Tower
06:00 Watch Tower
06:07 Watch Tower
06:54 Great Hall
06:58 Watch Tower
07:20 Watch Tower
07:34 Watch Tower
08:01 Beastiary
08:14 Watch Tower
08:30 Watch Tower
08:43 Orc Burrow
10:43 Fortress
11:11 Beastiary
12:52 Spirit Lodge
12:55 Orc Burrow
13:01 Orc Burrow
14:11 Orc Burrow
18:37 Watch Tower
19:07 Watch Tower
19:32 Watch Tower
20:45 Orc Burrow
20:50 Orc Burrow
» items
| Healing Salve | 3 | |
| Lesser Clarity Potion | 2 | |
| Scroll of Protection | 5 | |
| Orb of Lightning | 1 | |
| Scroll of Healing | 1 | |
| Scroll of Town Portal | 1 | |
13 total
NewNameBrah (
yellow | 75 APM | 4061 actions | 54:05)
8 Blademaster
3 Wind Walk
3 Critical Strike
1 Bladestorm
1 Mirror Image
» actions
| Assign group hotkey | 92 | |
| Basic commands | 25 | |
| Build / train | 153 | |
| ESC pressed | 19 | |
| Enter build submenu | 96 | |
| Enter hero's abilities submenu | 9 | |
| Give item / drop item | 8 | |
| Remove unit from queue | 2 | |
| Right click | 1413 | |
| Select / deselect | 536 | |
| Select group hotkey | 1219 | |
| Use ability | 489 | |
4061 total
» units
| Peon | 35 | |
| Grunt | 12 | |
| Wind Rider | 5 | |
| Troll Batrider | 15 | |
| Kodo Beast | 3 | |
| Demolisher | 1 | |
71 total
» upgrades
| Berserker Strength | 1 | |
| Pillage | 1 | |
| Armor | 3 | |
| Ranged Weapons | 3 | |
| Reinforced Defenses | 2 | |
| Envenomed Spears | 1 | |
| Spiked Barricades | 4 | |
| Liquid Fire | 1 | |
| Nature's Blessing | 1 | |
| Melee Weapons | 3 | |
| Troll Regeneration | 1 | |
| Backpack | 1 | |
| Ensnare | 1 | |
| War Drums Damage Increase | 1 | |
| Berserker Upgrade | 1 | |
| Burning Oil | 1 | |
26 total
» buildings
| Orc Burrow | 8 | |
| Altar of Storms | 1 | |
| Barracks | 1 | |
| Voodoo Lounge | 2 | |
| Stronghold | 3 | |
| Great Hall | 4 | |
| War Mill | 5 | |
| Watch Tower | 63 | |
| Fortress | 3 | |
| Beastiary | 4 | |
| Ancient Protector | 2 | |
96 total
» build order
00:14 Orc Burrow
00:41 Orc Burrow
01:28 Altar of Storms
01:31 Barracks
01:44 Voodoo Lounge
01:46 Voodoo Lounge
02:02 Orc Burrow
04:51 Stronghold
04:52 Stronghold
05:21 Great Hall
05:51 Orc Burrow
06:27 War Mill
08:00 Watch Tower
08:01 Watch Tower
08:03 Watch Tower
08:11 Fortress
08:11 Fortress
08:29 Watch Tower
10:07 Watch Tower
10:08 Watch Tower
10:09 Watch Tower
10:14 Beastiary
10:21 Beastiary
10:50 Watch Tower
10:52 Watch Tower
11:00 Orc Burrow
11:27 Beastiary
14:05 Beastiary
14:11 Orc Burrow
14:17 Watch Tower
14:18 Watch Tower
14:22 Watch Tower
15:36 Watch Tower
15:37 Watch Tower
15:39 Watch Tower
15:41 Watch Tower
16:17 Watch Tower
17:36 Watch Tower
17:40 Watch Tower
17:45 Watch Tower
17:57 Watch Tower
19:57 Orc Burrow
19:59 Orc Burrow
24:33 Watch Tower
24:34 Watch Tower
24:35 Watch Tower
24:36 Watch Tower
24:37 Watch Tower
24:40 Watch Tower
26:22 Ancient Protector
26:23 Ancient Protector
26:50 Watch Tower
26:50 Watch Tower
26:51 Watch Tower
26:52 Watch Tower
26:53 Watch Tower
26:54 Watch Tower
26:58 Watch Tower
26:59 Watch Tower
27:26 Watch Tower
27:27 Watch Tower
27:28 Watch Tower
27:28 Watch Tower
27:29 Watch Tower
27:30 Watch Tower
27:30 Watch Tower
27:32 Watch Tower
27:33 Watch Tower
27:34 Watch Tower
27:45 Watch Tower
27:48 Watch Tower
27:50 Watch Tower
27:55 Watch Tower
28:14 Watch Tower
29:01 Watch Tower
29:02 Watch Tower
29:11 Watch Tower
29:16 Watch Tower
29:58 Watch Tower
30:03 Watch Tower
30:07 Watch Tower
30:38 Watch Tower
37:42 War Mill
42:13 War Mill
42:22 War Mill
42:32 War Mill
44:39 Watch Tower
44:40 Watch Tower
44:56 Watch Tower
44:57 Watch Tower
45:02 Watch Tower
45:34 Great Hall
45:49 Great Hall
46:16 Great Hall
» items
| Healing Salve | 6 | |
| Lesser Clarity Potion | 8 | |
| Scroll of Town Portal | 7 | |
| Orb of Lightning | 1 | |
| Periapt of Vitality | 1 | |
| Potion of Healing | 3 | |
26 total

»
Fendt515 (
green | 19 APM | 489 actions | 26:06)
4 Blademaster
2 Wind Walk
2 Critical Strike
» actions
| Build / train | 111 | |
| Enter build submenu | 15 | |
| Enter hero's abilities submenu | 4 | |
| Remove unit from queue | 8 | |
| Right click | 139 | |
| Select / deselect | 161 | |
| Use ability | 51 | |
489 total
» units
| Peon | 9 | |
| Wind Rider | 22 | |
| Troll Batrider | 37 | |
| Troll Headhunter/Berserker | 17 | |
| Raider | 2 | |
87 total
» upgrades
| Envenomed Spears | 1 | |
| Berserker Upgrade | 1 | |
| Troll Regeneration | 1 | |
| Liquid Fire | 1 | |
4 total
» buildings
| Altar of Storms | 1 | |
| Orc Burrow | 8 | |
| Barracks | 2 | |
| War Mill | 1 | |
| Voodoo Lounge | 1 | |
| Stronghold | 1 | |
| Beastiary | 1 | |
| Fortress | 1 | |
16 total
» build order
00:05 Altar of Storms
00:07 Orc Burrow
00:43 Barracks
00:50 Barracks
01:31 War Mill
02:03 Voodoo Lounge
03:15 Orc Burrow
03:18 Stronghold
04:35 Orc Burrow
05:47 Beastiary
05:50 Fortress
06:59 Orc Burrow
08:16 Orc Burrow
12:37 Orc Burrow
13:38 Orc Burrow
18:52 Orc Burrow
» items
| Healing Salve | 2 | |
| Orb of Lightning | 1 | |
| Scroll of Town Portal | 2 | |
5 total
team 2 (loser)
behemoth. (
orange | 62 APM | 3235 actions | 52:30)
8 Death Knight
3 Death Coil
3 Unholy Aura
1 Death Pact
1 Animate Dead
6 Lich
3 Frost Nova
2 Frost Armor
1 Death and Decay
6 Dark Ranger
3 Black Arrow
3 Silence
» actions
| Assign group hotkey | 40 | |
| Basic commands | 7 | |
| Build / train | 115 | |
| Enter build submenu | 21 | |
| Enter hero's abilities submenu | 20 | |
| Give item / drop item | 4 | |
| Right click | 1643 | |
| Select / deselect | 518 | |
| Select group hotkey | 690 | |
| Use ability | 177 | |
3235 total
» units
| Acolyte | 34 | |
| Ghoul | 4 | |
| Crypt Fiend | 5 | |
| Frost Wyrm | 10 | |
| Forest Troll High Priest | 1 | |
54 total
» upgrades
| Web | 1 | |
| Burrow | 1 | |
| Creature Attack | 3 | |
| Creature Carapace | 3 | |
| Freezing Breath | 1 | |
| Unholy Strength | 1 | |
10 total
» buildings
| Crypt | 1 | |
| Graveyard | 1 | |
| Altar of Darkness | 1 | |
| Ziggurat | 9 | |
| Tomb of Relics | 1 | |
| Nerubian Tower | 6 | |
| Necropolis | 1 | |
| Halls of the Dead | 1 | |
| Black Citadel | 1 | |
| Spirit Tower | 2 | |
| Sacrificial Pit | 1 | |
| Boneyard | 3 | |
28 total
» build order
00:11 Crypt
00:18 Graveyard
00:43 Altar of Darkness
01:10 Ziggurat
01:23 Tomb of Relics
02:29 Nerubian Tower
02:45 Ziggurat
04:12 Ziggurat
05:31 Necropolis
06:06 Halls of the Dead
06:54 Ziggurat
07:43 Ziggurat
07:45 Ziggurat
07:47 Ziggurat
08:27 Black Citadel
08:49 Spirit Tower
08:51 Nerubian Tower
08:52 Nerubian Tower
08:52 Nerubian Tower
09:17 Sacrificial Pit
10:09 Ziggurat
10:10 Ziggurat
11:12 Boneyard
11:14 Boneyard
11:25 Nerubian Tower
18:23 Spirit Tower
23:03 Boneyard
» items
| Rod of Necromancy | 2 | |
| Sacrificial Skull | 1 | |
| Scroll of Town Portal | 4 | |
| Potion of Mana | 3 | |
| Dust of Appearance | 3 | |
| Orb of Corruption | 1 | |
| Potion of Lesser Invulnerability | 2 | |
| Scroll of Healing | 1 | |
17 total
IMHOtep (
blue | 67 APM | 3612 actions | 54:05)
6 Priestess of the Moon
2 Scout
3 Trueshot Aura
1 Starfall
5 Keeper of the Grove
2 Entangling Roots
3 Force of Nature
» actions
| Assign group hotkey | 59 | |
| Basic commands | 251 | |
| Build / train | 99 | |
| ESC pressed | 6 | |
| Enter build submenu | 26 | |
| Enter hero's abilities submenu | 11 | |
| Give item / drop item | 1 | |
| Right click | 1116 | |
| Select / deselect | 632 | |
| Select group hotkey | 1293 | |
| Use ability | 118 | |
3612 total
» units
| Wisp | 29 | |
| Archer | 22 | |
| Hippogryph | 7 | |
| Chimaera | 8 | |
66 total
» upgrades
| Improved Bows | 1 | |
| Hippogryph Taming | 1 | |
| Nature's Blessing | 1 | |
| Well Spring | 1 | |
| Marksmanship | 1 | |
| Ultravision | 1 | |
| Corrosive Breath | 1 | |
| Strength of the Moon | 1 | |
| Strength of the Wild | 2 | |
10 total
» buildings
| Moon Well | 8 | |
| Ancient of War | 1 | |
| Altar of Elders | 1 | |
| Tree of Ages | 1 | |
| Ancient of Wind | 2 | |
| Ancient of Wonders | 1 | |
| Tree of Life | 9 | |
| Tree of Eternity | 1 | |
| Hunter's Hall | 1 | |
| Chimaera Roost | 1 | |
26 total
» build order
00:19 Moon Well
00:33 Ancient of War
00:47 Moon Well
01:34 Altar of Elders
02:05 Moon Well
03:53 Tree of Ages
05:49 Moon Well
05:52 Moon Well
05:56 Moon Well
06:19 Ancient of Wind
06:43 Ancient of Wind
06:52 Ancient of Wonders
07:34 Tree of Life
10:15 Tree of Life
13:15 Tree of Life
16:20 Tree of Eternity
17:24 Hunter's Hall
19:28 Chimaera Roost
19:43 Moon Well
19:45 Moon Well
25:23 Tree of Life
29:56 Tree of Life
30:01 Tree of Life
32:49 Tree of Life
34:41 Tree of Life
34:44 Tree of Life
» items
| Scroll of Town Portal | 1 | |
| Orb of Venom | 2 | |
| Potion of Healing | 2 | |
| Moonstone | 1 | |
| Periapt of Vitality | 2 | |
8 total
TheKneecapper (
pink | 50 APM | 2730 actions | 54:05)
8 Mountain King
3 Storm Bolt
3 Bash
1 Avatar
1 Thunder Clap
» actions
| Assign group hotkey | 53 | |
| Basic commands | 345 | |
| Build / train | 110 | |
| Enter build submenu | 94 | |
| Enter hero's abilities submenu | 8 | |
| Give item / drop item | 7 | |
| Right click | 925 | |
| Select / deselect | 504 | |
| Select group hotkey | 469 | |
| Use ability | 215 | |
2730 total
» units
| Peasant | 34 | |
| Footman | 5 | |
| Gryphon Rider | 3 | |
42 total
» upgrades
| Lumber Harvesting | 2 | |
| Masonry | 3 | |
| Magic Sentry | 1 | |
| Swords | 3 | |
| Armor | 3 | |
| Storm Hammers | 1 | |
| Cloud | 1 | |
| Animal War Training | 1 | |
| Gunpowder | 3 | |
| Plating | 3 | |
21 total
» buildings
| Altar of Kings | 1 | |
| Barracks | 1 | |
| Farm | 13 | |
| Scout Tower | 64 | |
| Arcane Vault | 2 | |
| Arcane Tower | 4 | |
| Keep | 1 | |
| Lumber Mill | 1 | |
| Town Hall | 4 | |
| Guard Tower | 12 | |
| Castle | 1 | |
| Arcane Sanctum | 1 | |
| Blacksmith | 2 | |
| Workshop | 4 | |
| Gryphon Aviary | 4 | |
115 total
» build order
00:53 Altar of Kings
00:56 Barracks
00:58 Farm
00:58 Farm
01:01 Farm
01:11 Farm
01:47 Farm
02:17 Scout Tower
02:18 Scout Tower
03:02 Arcane Vault
03:18 Arcane Tower
03:39 Keep
03:57 Lumber Mill
05:25 Town Hall
05:28 Scout Tower
05:29 Scout Tower
05:30 Scout Tower
05:30 Scout Tower
05:42 Scout Tower
05:43 Scout Tower
05:46 Scout Tower
05:47 Scout Tower
06:05 Guard Tower
07:02 Castle
07:07 Guard Tower
07:49 Guard Tower
09:17 Arcane Vault
09:18 Arcane Sanctum
11:03 Scout Tower
11:04 Scout Tower
11:05 Scout Tower
11:06 Scout Tower
11:26 Scout Tower
11:26 Scout Tower
11:27 Scout Tower
11:27 Scout Tower
11:27 Scout Tower
11:29 Scout Tower
11:29 Scout Tower
11:30 Scout Tower
11:30 Scout Tower
11:30 Scout Tower
12:39 Guard Tower
12:43 Guard Tower
15:13 Scout Tower
15:14 Scout Tower
15:14 Scout Tower
15:14 Scout Tower
16:03 Arcane Tower
17:00 Town Hall
17:47 Scout Tower
17:47 Scout Tower
17:47 Scout Tower
17:48 Scout Tower
17:49 Scout Tower
17:50 Scout Tower
17:50 Scout Tower
18:19 Guard Tower
18:23 Scout Tower
18:23 Scout Tower
18:24 Scout Tower
18:24 Scout Tower
18:25 Scout Tower
18:25 Scout Tower
18:26 Scout Tower
18:49 Guard Tower
19:05 Blacksmith
19:07 Blacksmith
19:41 Guard Tower
20:30 Scout Tower
20:30 Scout Tower
20:31 Scout Tower
20:31 Scout Tower
20:38 Scout Tower
20:38 Scout Tower
20:39 Scout Tower
20:40 Scout Tower
20:41 Scout Tower
21:01 Guard Tower
21:07 Scout Tower
21:07 Scout Tower
21:08 Scout Tower
21:08 Scout Tower
21:08 Scout Tower
21:09 Scout Tower
21:09 Scout Tower
21:56 Guard Tower
21:58 Arcane Tower
22:02 Scout Tower
22:31 Arcane Tower
25:09 Workshop
25:10 Workshop
25:28 Gryphon Aviary
25:28 Gryphon Aviary
25:29 Gryphon Aviary
25:29 Gryphon Aviary
27:10 Farm
27:10 Farm
27:10 Farm
27:11 Farm
27:13 Farm
27:14 Farm
27:14 Farm
27:16 Guard Tower
29:35 Workshop
29:42 Workshop
32:00 Town Hall
33:14 Town Hall
34:48 Scout Tower
34:48 Scout Tower
34:49 Scout Tower
34:49 Scout Tower
34:51 Scout Tower
35:30 Guard Tower
51:45 Farm
» items
| Scroll of Regeneration | 3 | |
| Potion of Healing | 3 | |
| Potion of Mana | 2 | |
| Lesser Clarity Potion | 2 | |
| Scroll of Town Portal | 2 | |
| Mechanical Critter | 2 | |
| Periapt of Vitality | 1 | |
| Boots of Speed | 1 | |
| Staff of Teleportation | 2 | |
| Orb of Corruption | 1 | |
| Potion of Invisibility | 1 | |
20 total
asaprocky19 (
red | 22 APM | 1151 actions | 51:55)
3 Blademaster
1 Mirror Image
2 Critical Strike
» actions
| Basic commands | 1 | |
| Build / train | 134 | |
| Enter build submenu | 24 | |
| Enter hero's abilities submenu | 3 | |
| Remove unit from queue | 9 | |
| Right click | 474 | |
| Select / deselect | 429 | |
| Use ability | 77 | |
1151 total
» units
| Peon | 10 | |
| Grunt | 7 | |
| Troll Headhunter/Berserker | 83 | |
| Shaman | 9 | |
109 total
» upgrades
| Shaman Training | 2 | |
| Melee Weapons | 1 | |
| Ranged Weapons | 2 | |
| Armor | 3 | |
| Troll Regeneration | 1 | |
| Berserker Upgrade | 1 | |
10 total
» buildings
| Altar of Storms | 1 | |
| Orc Burrow | 8 | |
| Barracks | 2 | |
| War Mill | 1 | |
| Stronghold | 1 | |
| Watch Tower | 4 | |
| Spirit Lodge | 1 | |
| Great Hall | 1 | |
| Fortress | 1 | |
20 total
» build order
01:21 Altar of Storms
01:26 Orc Burrow
01:33 Orc Burrow
02:29 Barracks
03:01 Orc Burrow
03:58 War Mill
05:06 Stronghold
06:22 Watch Tower
06:28 Watch Tower
06:49 Orc Burrow
07:36 Spirit Lodge
07:49 Watch Tower
09:07 Great Hall
12:16 Orc Burrow
13:23 Orc Burrow
14:20 Fortress
14:25 Watch Tower
15:37 Barracks
16:59 Orc Burrow
18:27 Orc Burrow
Chat log
(00:52 / All) behemoth.: can sec?
(00:57 / All) LacabraIsBack: no
(01:07 / All) NewNameBrah: brb
(01:08 / All) NewNameBrah: pause
(01:28 / Allies) LacabraIsBack: holy shit
(01:29 / Allies) LacabraIsBack: WTF
(01:34 / Allies) NewNameBrah: let me go shit
(01:37 / Allies) NewNameBrah: pause you asshole
(01:54 / Allies) NewNameBrah: pause or I go afk anyway to take a shit
(02:04 / Allies) LacabraIsBack: take on your pants
(02:06 / Allies) LacabraIsBack: its the new way
(02:42 / Allies) NewNameBrah: well brb taking a shit
(03:03 / Allies) LacabraIsBack: hnjelp pls
(03:06 / Allies) Fendt515: y
(03:29 / Allies) LacabraIsBack: ...
(03:56 / Allies) LacabraIsBack: golem
(03:58 / Allies) LacabraIsBack: and b to heal
(04:54 / Allies) LacabraIsBack: tp o rlse
(05:07 / Allies) NewNameBrah: you wouldn't go out of your way for me pal
(06:51 / Allies) LacabraIsBack: wood pls
(06:59 / Allies) LacabraIsBack: ...
(07:05 / Allies) LacabraIsBack: need wood
(07:15 / Allies) NewNameBrah: I needed to take a shit
(07:27 / Allies) NewNameBrah: so selfish
(07:32 / Allies) Rehtori: dont have wood
(07:35 / Allies) LacabraIsBack: wood pls
(07:46 / Allies) LacabraIsBack: serius
(07:47 / Allies) LacabraIsBack: wood pls
(07:48 / Allies) LacabraIsBack: urngetly
(07:51 / Allies) Rehtori: dont have!
(07:55 / Allies) NewNameBrah: I needed to shit urgently
(07:58 / Allies) NewNameBrah: why would I give you wood
(10:32 / Allies) NewNameBrah: good xp leech teal
(10:34 / Allies) NewNameBrah: not even attacking
(10:48 / Allies) LacabraIsBack: paper toewrs
(10:49 / Allies) LacabraIsBack: go
(10:54 / Allies) LacabraIsBack: fast
(11:05 / Allies) LacabraIsBack: fast
(11:28 / Allies) LacabraIsBack: b
(11:29 / Allies) LacabraIsBack: leave exe
(13:00 / Allies) Rehtori: can i have gold yellow
(13:06 / Allies) NewNameBrah: you wouldn't let me take a shit
(13:07 / Allies) LacabraIsBack: wood to me
(13:11 / Allies) Rehtori: ehm?
(13:14 / Allies) LacabraIsBack: pls
(13:14 / Allies) Rehtori: i did
(13:15 / Allies) LacabraIsBack: need wood
(13:16 / Allies) NewNameBrah: I wanted to pause earlier
(13:19 / Allies) NewNameBrah: no teal, sorry
(13:23 / Allies) NewNameBrah: no wood for you, you're selfish
(13:26 / Allies) NewNameBrah: you only care about yourself
(13:27 / Allies) LacabraIsBack: ty
(13:29 / Allies) NewNameBrah: the world isn't about you teal
(14:24 / Allies) LacabraIsBack: eyf
(14:26 / All) TheKneecapper: Here comes the kneecapper, murderer
(14:28 / Allies) LacabraIsBack: i lose all
(14:29 / Allies) LacabraIsBack: fucker
(14:30 / Allies) LacabraIsBack: djsfñljasdadñfljas
(14:31 / Allies) LacabraIsBack: FUCKER
(14:32 / Allies) NewNameBrah: you suck
(14:34 / All) TheKneecapper: I'm the bolt gankster, murderer
(14:37 / Allies) LacabraIsBack: no bastard
(14:38 / Allies) LacabraIsBack: u suck
(14:39 / Allies) NewNameBrah: you're getting shit all over
(14:39 / Allies) LacabraIsBack: whatr i said
(14:42 / Allies) LacabraIsBack: levare this fuckin noob exe
(14:42 / All) TheKneecapper: dial emergency number, murderer
(14:45 / All) TheKneecapper: STILL RAPE YOU LIKE THAT
(14:46 / Allies) LacabraIsBack: WOOD FUCK IT
(14:53 / Allies) NewNameBrah: go fuck yourself with wood, homo
(15:04 / All) TheKneecapper: HAMMER TIME
(15:21 / Allies) Rehtori: all going wyvers
(15:23 / Allies) Rehtori: :S'
(15:33 / Allies) Rehtori: and all gettin mass reso
(17:19 / All) TheKneecapper: I'm the bolt gankster, murderer
(17:20 / Allies) LacabraIsBack: TP
(19:13 / Allies) LacabraIsBack: atyack his exes
(20:09 / Allies) Rehtori: ::D:D::D:D:D
(20:14 / Allies) LacabraIsBack: atack his exes fu ckit
(20:40 / Allies) NewNameBrah: holy fuck that's a lot of trolls
(20:53 / Allies) Rehtori: like what units we should attack
(21:06 / Allies) Rehtori: we got 3 orcs
(21:07 / Allies) Rehtori: no taurens
(21:17 / Allies) Rehtori: we got guys with 5.7k money
(22:17 / Allies) LacabraIsBack: use bats
(23:21 / Allies) Rehtori: yellow
(23:22 / Allies) Rehtori: money?
(23:23 / Allies) Rehtori: units?
(23:45 / All) TheKneecapper: lawl
(23:46 / All) TheKneecapper: my fucking tp
(23:47 / All) TheKneecapper: Got stuck
(24:27 / Allies) Rehtori: yellow can u give money?
(24:44 / Allies) LacabraIsBack: fuck
(24:47 / Allies) LacabraIsBack: tnahsk for help
(24:51 / Allies) Rehtori: ehm
(25:02 / Allies) Rehtori: this game was fucked till the start
(25:13 / Allies) Rehtori: green cant use resourses
(25:13 / Allies) NewNameBrah: ye teal won't let anyone take a shit when they need to
(25:15 / Allies) Rehtori: yellow
(25:16 / Allies) Rehtori: cant
(25:29 / Allies) Rehtori: and teal cant let have ppl have shit
(25:30 / Allies) Rehtori: doomed
(25:33 / Allies) LacabraIsBack: tp pls
(25:40 / Allies) LacabraIsBack: ...
(25:46 / Allies) NewNameBrah: you're selfish
(25:48 / Allies) LacabraIsBack: wetf
(25:53 / Allies) NewNameBrah: you only look for your own interests teal
(25:53 / Allies) Rehtori: we cant save it
(25:59 / Allies) LacabraIsBack: nastad
(26:00 / Allies) LacabraIsBack: i help u
(26:02 / Allies) NewNameBrah: he's an idiot scrub anyway
(26:02 / Allies) LacabraIsBack: 20 TIMES in this bgmae
(26:30 / All) TheKneecapper: it was 2v4
(26:35 / All) TheKneecapper: only orange and lbue
(26:41 / All) TheKneecapper: red didn't have mass tier 1 and casters
(26:48 / All) TheKneecapper: orange's hero and wyrm did the trick
(34:12 / All) NewNameBrah: oj raped by one bm lol
(52:04 / All) NewNameBrah: gg noobs
(52:15 / All) NewNameBrah: looks like I win this time
(52:16 / All) TheKneecapper: good game, my teammates were all whiners and name callers
(52:47 / All) TheKneecapper: Anything to say, blue?
(52:51 / All) NewNameBrah: I'll report them to blizzard for foul language
(52:54 / All) NewNameBrah: you should do the same
(53:00 / All) TheKneecapper: Thanks, I shall
(53:10 / All) TheKneecapper: It upset me on a deep emotional level
(53:16 / All) NewNameBrah: it hurts hearing about it
(53:21 / All) TheKneecapper: The things blue was saying to me, unspeakable
(53:21 / All) NewNameBrah: I feel your pain dude
(53:53 / All) TheKneecapper: Goodbye, blue. Maybe someday you'll stop being a rude bully, but I doubt it.
(53:57 / All) TheKneecapper: You were born that way, (a jerk)